 Dungeon Crawl Stone Soup version 0.32-a0-629-g87aaac5c70 (webtiles) character file.

Game seed: 15756316441731987131

2529200 EnegeticOcto the Sifu (level 27, 221/221 HPs)
             Began as a Coglin Fighter on Mar 6, 2024.
             Was the Champion of Wu Jian.
             Escaped with the Orb
             ... and 4 runes
             ... and 1 gem!
             The game lasted 02:03:03 (69180 turns).

EnegeticOcto the Sifu (Coglin Fighter)             Turns: 69180, Time: 02:03:04

Health: 221/221    AC: 31    Str: 18    XL:     27
Magic:  38/38      EV: 29    Int:  3    God:    Wu Jian [******]
Gold:   9359       SH:  0    Dex: 30    Spells: 26/26 levels left

rFire   + + .        j - +9 double sword (heavy) {Pete}
rCold   + + .        L - +9 demon blade (vamp) {Ming}
rNeg    + + +        q - +3 fire dragon scales {Xtahua}
rPois   ∞            p - +1 helmet
rElec   +            J - +1 cloak of Saffeo {Will+ Int+2 Slay+3}
rCorr   +            y - +2 pair of gloves
SInv    .            O - +2 pair of boots {Fly}
Will    ++++.        (amulet unavailable)
Stlth   +            (ring unavailable)
HPRegen 1.36/turn    (ring unavailable)
MPRegen 0.66/turn    P - megarecursive module {rPois Regen+ RegenMP+ rCorr Slay+3}

%: no passive effects
@: death-form, flying, studying 5 skills
A: vile attack, torment immunity, no potions, reduced hp, off-hand wielding,
slow wielding, warmup strikes, no jewellery, iridescent scales 1, agile 1
0: Orb of Zot
}: 4/15 runes: barnacled, slimy, silver, gossamer
a: Siphon Essence, Begin Untransformation, Renounce Religion, Wall Jump,
Serpent's Lash, Heavenly Storm


You escaped.
You worshipped Wu Jian.
Wu Jian was exalted by your worship.
You were an undying horror.
You visited 12 branches of the dungeon, and saw 56 of its levels.
You visited 1 bazaar.
You visited 1 ziggurat, and saw 7 of its levels.
You also visited: Trove, Sewer, Bailey, Gauntlet, Ice Cave and Volcano.

You collected 11472 gold pieces.
You spent 2113 gold pieces at shops.

Inventory:

Hand Weapons
 j - a +9 heavy double sword (weapon) {Pete}
   (You acquired it on level 5 of the Lair of Beasts)
 E - a +3 double sword of flaming
   (You found it in a treasure trove)
 K - the +9 rapier "Hyngo" {flame, Fly Dex+2 SInv}
   (You found it on level 5 of a ziggurat)

   Dex+2:     It affects your dexterity (+2).
   SInv:      It lets you see invisible.
   Fly:       It grants you flight.
 L - a +9 vampiric demon blade (offhand) {Ming}
   (You bought it in a shop in a bazaar)
Missiles
 M - 14 curare-tipped darts
 V - 11 throwing nets {!f}
Armour
 p - a +1 helmet (worn)
   (You found it on level 4 of the Dungeon)
 q - +3 fire dragon scales (worn) {Xtahua}
   (You found it on level 4 of the Depths)
 y - a +2 pair of gloves (worn)
   (You found it on level 5 of the Vaults)
 H - the +5 storm dragon scales of Quantum Leap {rElec SInv}
   (You took it off a deep elf blademaster on level 3 of the Elven Halls)

   rElec:     It insulates you from electricity.
   SInv:      It lets you see invisible.
 J - the +1 cloak of Saffeo (worn) {Will+ Int+2 Slay+3}
   (You acquired it on level 11 of the Dungeon)

   Int+2:     It affects your intelligence (+2).
   Slay+3:    It affects your accuracy & damage with ranged weapons and melee
   (+3).
   Will+:     It increases your willpower.
 O - a +2 pair of boots of flying (worn)
   (You found it on level 2 of the Lair of Beasts)
Gizmo
 P - a megarecursive module (installed) {rPois Regen+ RegenMP+ rCorr Slay+3}
   (You invented it yourself on level 3 of the Lair of Beasts)

   [megarecursive module]

   Slay+3:    It affects your accuracy & damage with ranged weapons and melee
   (+3).
   rPois:     It protects you from poison.
   Regen+:    It increases your rate of health regeneration.
   rCorr:     It protects you from acid and corrosion.
   RegenMP+:  It increases your rate of magic regeneration.
Talismans
 D - the death talisman of Hedging (active) {rElec rC++ Int-5 Stlth+}
   (You found it on level 3 of the Elven Halls)

   [talisman of death]

   Int-5:     It affects your intelligence (-5).
   rC++:      It greatly protects you from cold.
   rElec:     It insulates you from electricity.
   Stlth+:    It makes you more stealthy.
Wands
 b - a wand of digging (3) {@v3}
   (You found it on level 13 of the Dungeon)
 c - a wand of charming (49)
   (You took it off Lodul on level 11 of the Dungeon)
 v - a wand of flame (109) {@v4}
   (You took it off Blork the orc on level 5 of the Dungeon)
 B - a wand of quicksilver (62) {@v1}
   (You found it on level 6 of the Dungeon)
 I - a wand of iceblast (79) {@v2}
   (You found it on level 10 of the Dungeon)
 N - a wand of polymorph (17)
   (You found it on level 2 of the Lair of Beasts)
 U - a wand of mindburst (58)
   (You found it on level 3 of the Elven Halls)
Scrolls
 g - 32 scrolls of teleportation {@r3 !r}
 i - 2 scrolls of silence {!r}
 k - 15 scrolls of blinking {@r4}
 o - 6 scrolls of poison {!r}
 x - 5 scrolls of revelation {@r5 !r}
 A - 8 scrolls of fog {!r}
 C - 8 scrolls of vulnerability
 G - 6 scrolls of fear {!r}
 S - 8 scrolls of immolation
 T - a scroll of brand weapon
Potions
 a - 9 potions of might {@q3 !q}
 d - 10 potions of cancellation
 f - 12 potions of ambrosia
 h - 7 potions of magic
 l - 18 potions of heal wounds {@q2 !q}
 m - 6 potions of resistance
 n - 7 potions of attraction
 r - 7 potions of lignification {@q6}
 s - 4 potions of haste {@q4 !q}
 t - 8 potions of invisibility
 z - 10 potions of mutation
 F - 22 potions of curing {@q1 !q}
 Q - 2 potions of berserk rage
 X - 8 potions of enlightenment
Miscellaneous
 e - a condenser vane
   (You found it on level 5 of the Lair of Beasts)
 u - a phantom mirror
   (You found it on level 2 of the Shoals)
 w - a phial of floods
   (You found it on level 4 of the Shoals)
 R - a lightning rod (4/4)
   (You found it on level 5 of the Lair of Beasts)


   Skills:
 - Level 22.5 Fighting
 - Level 16.0 Long Blades
 + Level 15.9 Armour
 + Level 21.2 Dodging
 - Level 2.1 Shields
 - Level 22.6 Invocations
 - Level 17.1 Evocations
 - Level 22.5 Shapeshifting


You had 26 spell levels left.
You didn't know any spells.
Your spell library contained the following spells:

 Spells                   Type           Power      Damage    Failure   Level
 Apportation              Tloc           0%         N/A       85%         1
 Foxfire                  Conj/Fire      0%         2x1d4     85%         1
 Freeze                   Ice            0%         1d3       85%         1
 Kiss of Death            Conj/Necr      0%         2d5       85%         1
 Necrotise                Necr           0%         1d4       85%         1
 Sandblast                Erth           0%         2d4       85%         1
 Shock                    Conj/Air       0%         1d3       85%         1
 Sting                    Conj/Alch      0%         1d3       85%         1
 Summon Small Mammal      Summ           0%         N/A       85%         1
 Call Imp                 Summ           0%         N/A       94%         2
 Ensorcelled Hibernation  Hex/Ice        0%         N/A       94%         2
 Jinxbite                 Hex            0%         N/A       94%         2
 Lesser Beckoning         Tloc           0%         N/A       94%         2
 Mercury Vapours          Alch/Air       0%         N/A       94%         2
 Static Discharge         Conj/Air       0%         3-3/arc   94%         2
 Sublimation of Blood     Necr           0%         N/A       94%         2
 Call Canine Familiar     Summ           0%         N/A       99%         3
 Confusing Touch          Hex            0%         N/A       99%         3
 Dazzling Flash           Conj/Hex       0%         N/A       99%         3
 Frozen Ramparts          Ice            0%         1d1       99%         3
 Fugue of the Fallen      Necr           0%         N/A       99%         3
 Gell's Gravitas          Tloc           0%         N/A       99%         3
 Hailstorm                Conj/Ice       0%         3d5       99%         3
 Mephitic Cloud           Conj/Alch/Air  0%         N/A       99%         3
 Passwall                 Erth           0%         N/A       99%         3
 Sigil of Binding         Hex            0%         N/A       99%         3
 Stone Arrow              Conj/Erth      0%         3d7       99%         3
 Swiftness                Air            0%         N/A       99%         3
 Teleport Other           Tloc           0%         N/A       99%         3
 Tukima's Dance           Hex            0%         N/A       99%         3
 Vampiric Draining        Necr           0%         2d6       99%         3
 Volatile Blastmotes      Fire/Tloc      0%         2d10      99%         3
 Airstrike                Air            0%         2d(0-16)  100%        4
 Anguish                  Hex/Necr       0%         N/A       100%        4
 Animate Armour           Summ/Erth      0%         N/A       100%        4
 Animate Dead             Necr           0%         N/A       100%        4
 Brom's Barrelling Bould  Conj/Erth      0%         2d3       100%        4
 Cause Fear               Hex            0%         N/A       100%        4
 Dimensional Bullseye     Hex/Tloc       0%         N/A       100%        4
 Dispel Undead            Necr           0%         3d6       100%        4
 Iskenderun's Mystic Bla  Conj/Tloc      0%         2d3       100%        4
 Leda's Liquefaction      Alch/Erth      0%         N/A       100%        4
 Martyr's Knell           Necr/Summ      0%         N/A       100%        4
 Petrify                  Alch/Erth      0%         N/A       100%        4
 Summon Blazeheart Golem  Fire/Summ      0%         N/A       100%        4
 Summon Lightning Spire   Summ/Air       0%         N/A       100%        4
 Vhi's Electric Charge    Tloc/Air       0%         N/A       100%        4
 Alistair's Intoxication  Alch           0%         N/A       100%        5
 Arcjolt                  Conj/Air       0%         1d10      100%        5
 Borgnjor's Vile Clutch   Necr/Erth      0%         N/A       100%        5
 Curse of Agony           Necr           0%         N/A       100%        5
 Fireball                 Conj/Fire      0%         3d3       100%        5
 Freezing Cloud           Conj/Ice/Air   0%         6-21      100%        5
 Irradiate                Conj/Alch      0%         3d11      100%        5
 Iskenderun's Battlesphe  Conj           0%         2d6       100%        5
 Metabolic Englaciation   Hex/Ice        0%         N/A       100%        5
 Summon Forest            Summ/Tloc      0%         N/A       100%        5
 Summon Mana Viper        Hex/Summ       0%         N/A       100%        5
 Yara's Violent Unravell  Hex/Alch       0%         3d3       100%        5
 Conjure Ball Lightning   Conj/Air       0%         3x3d6     100%        6
 Dispersal                Tloc           0%         N/A       100%        6
 Eringya's Noxious Bog    Alch           0%         4d6       100%        6
 Plasma Beam              Fire/Air       0%         2x1d10    100%        6
 Sculpt Simulacrum        Ice/Alch       0%         N/A       100%        6
 Starburst                Conj/Fire      0%         6d3       100%        6
 Summon Cactus Giant      Summ           0%         N/A       100%        6
 Enfeeble                 Hex            0%         N/A       100%        7
 Haunt                    Necr/Summ      0%         N/A       100%        7
 Malign Gateway           Summ/Tloc      0%         N/A       100%        7
 Orb of Destruction       Conj           0%         9d5       100%        7
 Ozocubu's Refrigeration  Ice            0%         4d7       100%        7
 Spellforged Servitor     Conj/Summ      0%         N/A       100%        7
 Summon Hydra             Summ           0%         N/A       100%        7
 Infestation              Necr           0%         N/A       100%        8
 Lehudib's Crystal Spear  Conj/Erth      0%         10d2      100%        8
 Maxwell's Capacitive Co  Air            0%         ∞         100%        8
 Dragon's Call            Summ           0%         N/A       100%        9
 Polar Vortex             Ice            0%         N/A       100%        9
 Shatter                  Erth           0%         3d5*      100%        9


Dungeon Overview and Level Annotations

Branches:
Dungeon (15/15)            Temple (0/1) D:5            Lair (5/5) D:9
 Shoals (4/4) Lair:3       Spider (4/4) Lair:2        Slime (5/5) Lair:4
    Orc (2/2) D:12            Elf (3/3) Orc:2        Vaults (5/5) D:14
  Crypt (3/3) Vaults:2       Tomb (0/3) Crypt:3      Depths (4/4) D:15
   Hell (visited)             Zot (5/5) Depths:4      Sewer (visited)
 Bailey (visited)           IceCv (visited)         Volcano (visited)
Gauntlet (visited)
    Dis: Hell:1         Geh: Hell:1         Coc: Hell:1         Tar: Hell:1

Altars:
Dithmenos
Elyvilon
Ru
Sif Muna
Uskayaw
Vehumet
Wu Jian
Xom
Beogh
Lugonu

Shops:
D:5 [   D:8 =   Orc:2 =!*[   Depths:3 [   Depths:4 ?

Portals:
Hell: Depths:1 Depths:2 Depths:3 Depths:4
Abyss: Depths:3 Depths:4
Pandemonium: Depths:2

Annotations:
D:7 2 transporters, 112233's ghost, novice OpSh
Lair:1 1 runed translucent door, exclusion: door, anet's ghost, journeyman GrCj
Lair:3 exclusion: door
Shoals:1 2 transporters, Toskicku's ghost, adept FoHu
Depths:3 2 transporters, exclusion: obsidian statue
Depths:4 2 runed translucent doors
Zot:4 4 transporters


Innate Abilities, Weirdness & Mutations

You are an undying horror.
Your melee and unarmed attacks drain, slow and weaken victims.
You are immune to unholy pain and torment.
You cannot drink.
Your maximum health is decreased, since you lack skill for your form.
You are immune to poison.
You can wield a second weapon in your off-hand.
It takes a long time for you to wield or remove held weapons.
Your first few attacks do less damage.
You cannot equip rings or amulets.
You are partially covered in iridescent scales. (AC +2)
You are agile. (Dex +4, Str/Int -1)


Message History

The cherub decays.
The cherub is severely wounded.
You slice the cherub with your +9 heavy double sword!!
You kill the cherub!
The Council accepts your kill.
No target in view!
(D) Dungeon (T) Temple (L) Lair (A) Shoals (N) Spider Nest (M) Slime Pits (O) Orcish Mines (E) Elven Halls (V) Vaults (C) Crypt (W) Tomb (U) Depths (H) Hell (Z) Zot
Where to? (Tab/Enter - D:1 @ (x,y), ? - help)
A daeva comes into view.
It is wielding a +2 scimitar of holy wrath.
Unknown command.
Unknown command.
You slice the daeva with your +9 heavy double sword!!
The daeva decays.
The daeva is moderately wounded.
You slash the daeva with your +9 vampiric demon blade!
The daeva decays.
The daeva blocks your attack.
The daeva is moderately wounded.
You cut the daeva into ribbons with your +9 heavy double sword!!!!
The daeva decays.
The daeva hits you but does no damage. x2
You completely miss the daeva with your +9 vampiric demon blade.
The daeva is almost dead.
The daeva blocks your attack. The daeva blocks your attack.
The daeva is almost dead.
You hit the daeva but do no damage.
The daeva calls down the wrath of the Shining One upon you.
The Shining One smites you! The daeva blocks your attack.
The daeva is almost dead.
You slice the daeva with your +9 vampiric demon blade!!
You kill the daeva!
The Council accepts your kill.
No target in view!
(D) Dungeon (T) Temple (L) Lair (A) Shoals (N) Spider Nest (M) Slime Pits (O) Orcish Mines (E) Elven Halls (V) Vaults (C) Crypt (W) Tomb (U) Depths (H) Hell (Z) Zot
Where to? (Tab/Enter - D:1 @ (x,y), ? - help)
A hell beast comes into view.
The hell beast howls!
Unknown command.
Unknown command.
The hell beast completely misses you. x4
You carve the hell beast like a ham with your +9 heavy double sword!!!
The hell beast decays.
The hell beast is heavily wounded.
You cut the hell beast into ribbons with your +9 vampiric demon blade!!!
You kill the hell beast!
The Council accepts your kill.
No target in view!
No target in view!
(D) Dungeon (T) Temple (L) Lair (A) Shoals (N) Spider Nest (M) Slime Pits (O) Orcish Mines (E) Elven Halls (V) Vaults (C) Crypt (W) Tomb (U) Depths (H) Hell (Z) Zot
Where to? (Tab/Enter - D:1 @ (x,y), ? - help)
A hellephant comes into view.
Unknown command.
Unknown command.
You slash the hellephant with your +9 vampiric demon blade!
The hellephant decays.
The hellephant is lightly wounded.
You cut the hellephant into ribbons with your +9 heavy double sword!!!!
The hellephant decays.
You hit the hellephant but do no damage.
The hellephant is severely wounded.
You open the hellephant like a pillowcase with your +9 vampiric demon blade!!!
The hellephant decays.
You cut the hellephant into ribbons with your +9 heavy double sword!!!
You kill the hellephant!
The Council accepts your kill.
No target in view!
(D) Dungeon (T) Temple (L) Lair (A) Shoals (N) Spider Nest (M) Slime Pits (O) Orcish Mines (E) Elven Halls (V) Vaults (C) Crypt (W) Tomb (U) Depths (H) Hell (Z) Zot
Where to? (Tab/Enter - D:1 @ (x,y), ? - help)
There is a stone staircase leading up here.
You fly upwards.
There is a stone staircase leading down, spattered with blood here.
There is a stone staircase leading up here.
You fly upwards.
There is a stone staircase leading down here.
You see here a +0 ring mail.
There is a stone staircase leading up here.
You fly upwards.
There is a stone staircase leading down here.
You see here a +0 flail.
There is an open door here.
There is an open door here.
You see here a kobold skeleton.
There is a staircase leading out of the dungeon here.
Unknown command.
Unknown command.
Okay, then.
You have escaped!

# ######
.###############....###
.....#....##........#.##
###.....###...#####....####
..####.....####...####....#
.....###'###.........###..#
⌠......'.'÷.....z......#.##
.....###'###.........###..#
..####.....####...####....#
###....#......#####.......#
....##(.#................##
...##........##...###...#.#
..###.###..######## #######
.########.## ..##....#.#


There were no monsters in sight!

Vanquished Creatures
  the Royal Jelly (Slime:5)
  Frederick (Crypt:1)
  7 dread liches
  6 orbs of fire
  4 ancient liches
  A juggernaut (Depths:4)
  Xtahua (Depths:4)
  Sojobo (Vaults:4)
  Vv (Depths:4)
  Bai Suzhen (Crypt:1)
  Josephina (Zot:1)
  4 curse toes
  Margery (Crypt:3)
  2 caustic shrikes
  5 Killer Klowns
  9 golden dragons
  Geryon (Hell)
  2 bone dragons
  Arachne (Spider:2)
  5 electric golems
  2 pandemonium lords
  An iron giant (Zig:5)
  3 doom hounds (Zot:1)
  2 hellephants
  Jorgrun (Spider:2)
  14 tentacled monstrosities
  Zenata (Elf:2)
  A Hell Sentinel (Zig:5)
  Asterion (Spider:2)
  3 liches
  26 Orb Guardians
  Grunn (Zot:1)
  10 quicksilver dragons
  3 deep elf master archers (Elf:3)
  2 walking divine tomes (Depths:2)
  12 sphinxes
  17 titans
  3 deep elf blademasters
  A tentacled starspawn (Zig:7)
  22 acid blobs
  7 death cobs
  A kraken (Shoals:3)
  Frances (Spider:2)
  6 ancient champions
  12 shadow dragons
  Aizul (Elf:2)
  The ghost of Seg Ton the Warrior, a journeyman OnMo of Qazlal (Elf:2)
  2 revenants
  Roxanne (D:14)
  9 tengu reavers
  Kirke (Elf:1)
  21 storm dragons
  Donald (Crypt:1)
  A daeva (D:4)
  10 azure jellies
  8 draconian monks
  7 protean progenitors
  4 draconian knights
  9 rockslimes
  A quicksilver elemental (Zig:5)
  11 deep elf sorcerers
  A demonspawn warmonger (Zig:6)
  8 fire giants
  3 iron dragons
  4 draconian scorchers
  16 ghost moths
  A balrug (Zig:6)
  9 deep elf elementalists (Elf:3)
  16 vault wardens
  5 curse skulls
  11 frost giants
  8 draconian shifters
  2 emperor scorpions
  14 quicksilver oozes
  5 ghouls
  5 draconian stormcallers
  4 reapers
  A spriggan defender (Depths:2)
  A demonspawn corrupter (Zig:6)
  6 draconian annihilators
  8 formless jellyfish
  A juggernaut skeleton (Crypt:3)
  20 stone giants
  18 ironbound preservers
  A caustic shrike skeleton (Zig:2)
  4 ironbound thunderhulks
  8 vampire knights
  13 very ugly things
  16 green draconians
  4 broodmothers (Spider:4)
  21 dire elephants
  6 deep elf demonologists
  14 black draconians
  12 spark wasps
  3 minotaurs
  3 war gargoyles
  13 white draconians
  4 deep elf annihilators
  10 deep elf death magi
  11 yellow draconians
  11 purple draconians
  6 eidola
  12 red draconians
  20 ettins
  A blizzard demon (Depths:2)
  Snorg (Lair:5)
  2 crystal guardians (Vaults:2)
  14 jiangshi
  2 merfolk javelineers
  The ghost of Gopad the Fighter, a journeyman DrSh of Cheibriados (Orc:1)
  An entropy weaver (shapeshifter) (Depths:4)
  A merfolk impaler (Shoals:3)
  11 fire dragons
  6 deep elf high priests
  13 yaktaur captains
  9 entropy weavers
  2 spriggan zombies
  A fenstrider witch zombie (Crypt:1)
  7 ice dragons
  2 ghost crabs (Spider:2)
  4 rakshasas
  34 vault guards
  5 spriggan air magi
  3 ogre magi
  4 hydras
  5 radroaches
  2 hell beasts
  3 merfolk avatars
  5 death knights
  14 great orbs of eyes
  2 peacekeepers (Vaults:2)
  2 boulder beetles
  2 catoblepae (Lair:5)
  An alligator snapping turtle (Shoals:4)
  6 ironbound frosthearts
  26 dancing weapons
  7 deep troll earth magi
  10 two-headed ogres
  16 satyrs
  4 jorogumos
  A hell hog (Depths:1)
  A death scarab (Zig:2)
  11 centaur warriors
  6 demonic crawlers
  A two-headed ogre (shapeshifter) (Vaults:5)
  7 death yaks (IceCv)
  A bennu skeleton (Crypt:1)
  9 deep troll shamans
  7 orc high priests
  A sphinx skeleton (Crypt:2)
  7 tengu warriors
  2 merfolk aquamancers
  8 vampire magi
  8 spriggan berserkers
  5 soul eaters
  A shock serpent (shapeshifter) (Vaults:5)
  A thrashing horror (Zig:7)
  An occultist (Depths:1)
  26 deep elf knights
  A wretched star (Zig:7)
  24 hell knights
  2 shadow wraiths (Crypt:2)
  A salamander mystic (Depths:1)
  3 titan skeletons
  9 iron trolls
  2 fire crabs
  27 skeletal warriors
  Lodul (D:11)
  4 pharaoh ants
  6 skysharks
  A bunyip zombie (Crypt:1)
  A sixfirhy (Gauntlet)
  2 anaconda zombies
  A cherub (D:4)
  A shadow demon (Depths:4)
  5 flayed ghosts
  12 sea snakes
  50 deep trolls
  7 orb spiders
  16 ironbound convokers
  A swamp dragon (shapeshifter) (Vaults:5)
  18 deep elf archers
  6 sun moths
  2 glowing orange brains
  4 lindwurms
  2 mana vipers (Zot:5)
  3 bog bodies
  6 arcanists
  6 phantasmal warriors
  A bunyip skeleton (Crypt:2)
  8 thermic dynamos
  10 orc knights
  5 steelbarb worms
  2 anaconda skeletons (Volcano)
  20 harpies
  A human zombie (Vaults:3)
  27 deep elf pyromancers
  27 fauns
  23 deep elf zephyrmancers
  17 wolf spiders
  6 cyclopes
  11 necromancers
  6 shining eyes
  37 ugly things
  8 elephants
  11 orc sorcerers
  2 salamanders (Depths:1)
  A tengu skeleton (Vaults:2)
  16 manticores
  4 human skeletons
  24 moths of wrath
  14 meliai
  2 black mambas
  A rust devil (D:8)
  2 stone giant skeletons (Vaults:2)
  An ice statue (IceCv)
  An alligator skeleton (Crypt:1)
  2 meliai (shapeshifter) (D:13)
  A molten gargoyle (Depths:4)
  2 kobold blastminers (Orc:2)
  8 torpor snails
  A smoke demon (Spider:2)
  A torpor snail (shapeshifter) (D:15)
  9 centaur zombies (D:12)
  7 merfolk sirens
  5 gargoyles
  5 water nymphs
  2 eyes of devastation (Slime:5)
  A dire elephant zombie (Crypt:3)
  2 minotaur zombies
  2 unseen horrors (D:11)
  2 centaur skeletons
  17 vault sentinels
  2 kobold demonologists (D:12)
  A dire elephant skeleton (Crypt:3)
  10 cane toads
  3 freezing wraiths
  A death yak zombie (Crypt:2)
  21 yaktaurs
  7 tengu conjurers
  An efreet (D:5)
  10 komodo dragons
  14 rime drakes
  A komodo dragon (shapeshifter) (Depths:2)
  A tormentor (Depths:4)
  A catoblepas skeleton (Crypt:2)
  A black draconian skeleton (Crypt:1)
  A harpy zombie (Crypt:2)
  A polar bear (shapeshifter) (Elf:2)
  2 red devils
  5 trolls
  3 tyrant leeches (Spider:2)
  16 merfolk
  25 tarantellas
  7 wind drakes
  9 polar bears
  A queen bee (shapeshifter) (D:13)
  15 blink frogs
  8 hornets
  2 harpy skeletons (Volcano)
  A raiju (Zig:7)
  An ettin zombie (Crypt:1)
  2 glass eyes (Depths:2)
  12 dream sheep
  A meliai zombie (D:12)
  6 snapping turtles
  An ettin skeleton (Crypt:3)
  2 centaur simulacra (D:15)
  84 slime creatures
  Sigmund (D:5)
  24 water elementals
  3 air elementals
  31 jumping spiders
  2 vampires
  3 spriggans
  29 culicivoras
  11 wraiths
  74 yaks
  A slime creature zombie (Crypt:3)
  7 shadows
  6 fire elementals
  12 wyverns
  2 hogs (Elf:1)
  16 humans (D:14)
  60 redbacks
  Eustachio (D:6)
  A black mamba skeleton (Crypt:1)
  7 basilisks
  12 wargs
  8 golden eyes
  A neqoxec (Zig:7)
  An elf skeleton (Vaults:2)
  2 steam dragons (D:7)
  17 vampire mosquitoes
  A wind drake skeleton (Crypt:2)
  A chaos spawn (D:10)
  A glowing shapeshifter zombie (Crypt:1)
  4 acid dragons
  5 hell hounds (Spider:2)
  15 water moccasins
  A deep troll skeleton (Crypt:2)
  A moth of wrath simulacrum (Zot:1)
  20 orc warriors
  2 sky beasts (D:7)
  22 laughing skulls
  A black bear (D:9)
  A crocodile (Sewer)
  16 ogres
  27 wolves
  A snapping turtle skeleton (Crypt:3)
  9 starcursed masses (Zig:7)
  7 centaurs
  A phantom (D:6)
  A weeping skull (Volcano)
  4 kobold brigands
  Blork the orc (D:5)
  4 earth elementals
  A scorpion (shapeshifter) (Elf:1)
  A gnoll sergeant (D:9)
  14 bullfrogs
  4 scorpions
  5 wights (D:7)
  An elephant simulacrum (Lair:1)
  10 killer bees
  11 electric eels
  7 howler monkeys (D:12)
  2 spriggan skeletons
  3 bombardier beetles
  3 jellies
  A lava snake (D:7)
  21 orc priests
  5 hounds
  A gnoll bouda (D:4)
  A sleepcap (D:4)
  5 iguanas
  17 orc wizards
  8 hell rats (Lair:4)
  A polar bear simulacrum (Lair:1)
  A wolf simulacrum (Lair:1)
  A naga skeleton (Volcano)
  A mummy (Zig:2)
  16 gnolls
  12 adders
  3 river rats
  A steam dragon zombie (Crypt:3)
  2 shadow imps
  A white imp (D:8)
  2 ufetubi (Gauntlet)
  A ribbon worm (D:5)
  5 dart slugs
  71 orcs
  10 ball pythons
  2 bats (D:1)
  11 endoplasms
  6 giant cockroaches
  15 goblins
  10 hobgoblins
  8 jackals
  27 kobolds
  5 quokkas
  A ball python skeleton (Crypt:1)
  An endoplasm zombie (Crypt:2)
  2 frilled lizards (D:1)
  A goblin skeleton (Crypt:3)
  A jackal skeleton (Crypt:3)
  8 rats
  7 aspiring fleshes
  A spectral weapon (Spider:2)
  7 tentacles (Shoals:3)
2686 creatures vanquished.

Vanquished Creatures (collateral kills)
  A moth of wrath simulacrum (Zot:1)
1 creature vanquished.

Vanquished Creatures (others)
  A tentacled monstrosity (Depths:4)
  An Orb Guardian (Zot:5)
  A demonspawn warmonger (Zig:6)
  A deep elf elementalist (Elf:3)
  A draconian stormcaller (Zot:3)
  A deep elf annihilator (Elf:3)
  A red draconian (Zot:2)
  An alligator snapping turtle (Shoals:4)
  A hell hog (Zig:7)
  A deep elf knight (Elf:1)
  2 deep elf zephyrmancers (Elf:3)
  A manticore (Shoals:4)
  A yaktaur (Vaults:5)
  2 golden dragon simulacra (Zot:1)
  A human (Elf:1)
  An orc warrior (Vaults:5)
  A laughing skull (Crypt:3)
  An orc (D:7)
  8 spectral weapons
  2 starspawn tentacles (Zig:7)
  2 tentacles (Shoals:3)
32 creatures vanquished.

Grand Total: 2719 creatures vanquished

Notes
Turn   | Place    | Note
-------+----------+-------------------------------------------
     0 | D:1      | EnegeticOcto the Coglin Fighter began the quest for the
                  | Orb.
     0 | D:1      | Reached XP level 1. HP: 18/18 MP: 1/1
    99 | D:1      | Reached XP level 2. HP: 24/24 MP: 2/2
   179 | D:1      | Reached skill level 3 in Long Blades
   186 | D:1      | Reached XP level 3. HP: 29/29 MP: 3/3
   730 | D:2      | Reached skill level 4 in Long Blades
   822 | D:2      | Reached XP level 4. HP: 33/35 MP: 4/4
   870 | D:2      | Found a faded altar of an unknown god.
  1466 | D:3      | Reached skill level 5 in Long Blades
  1527 | D:3      | Reached XP level 5. HP: 39/41 MP: 5/5
  1605 | D:3      | Found an ornate altar of the Wu Jian Council.
  1612 | D:3      | Became a worshipper of the Wu Jian Council
  2365 | D:4      | Found a glowing drain.
  2516 | Sewer    | Entered a sewer
  2571 | Sewer    | Noticed a crocodile
  2581 | Sewer    | Killed a crocodile
  2582 | Sewer    | Reached skill level 6 in Long Blades
  2582 | Sewer    | Reached XP level 6. HP: 47/47 MP: 6/6
  2792 | D:4      | Reached skill level 7 in Long Blades
  3202 | D:4      | Reached XP level 7. HP: 32/52 MP: 7/7
  3294 | D:4      | Reached * piety under Wu Jian
  3353 | D:4      | Identified the +0 chain mail "Uhucom" {Int+2 Dex+2}
  3634 | D:4      | Found a shimmering altar of Xom.
  4240 | D:5      | Entered Level 5 of the Dungeon
  4301 | D:5      | Reached skill level 4 in Fighting
  4393 | D:5      | Noticed Sigmund
  4424 | D:5      | Noticed Blork the orc
  4673 | D:6      | HP: 2/55 [ogre/+0 giant club (25)]
  4677 | D:6      | Reached skill level 8 in Long Blades
  4677 | D:6      | Reached XP level 8. HP: 13/61 MP: 8/8
  4916 | D:5      | Killed Blork the orc
  4917 | D:5      | Reached skill level 5 in Fighting
  4926 | D:5      | Found a staircase to the Ecumenical Temple.
  5047 | D:5      | Killed Sigmund
  5293 | D:5      | Found Iniuruho's Armour Boutique.
  5301 | D:5      | Bought a +0 cloak for 54 gold pieces
  5371 | D:5      | Reached skill level 6 in Fighting
  5404 | D:5      | Identified the +1 dagger "Soun" {freeze, rF+ Will+ MP+9
                  | Stlth+}
  5469 | D:5      | Reached ** piety under Wu Jian
  5521 | D:5      | Reached skill level 9 in Long Blades
  5803 | D:6      | Noticed Eustachio
  5816 | D:6      | Killed Eustachio
  5817 | D:6      | Reached XP level 9. HP: 71/71 MP: 9/9
  5889 | D:6      | Reached skill level 7 in Fighting
  5954 | D:6      | Reached skill level 1 in Evocations
  6071 | D:6      | Reached skill level 2 in Evocations
  6071 | D:6      | Found a hide-covered altar of Uskayaw.
  6071 | D:6      | Found a white marble altar of Elyvilon.
  6084 | D:6      | Found a sacrificial altar of Ru.
  6417 | D:7      | Reached skill level 10 in Long Blades
  6417 | D:7      | Reached skill level 3 in Evocations
  6455 | D:7      | Found a transporter.
  6457 | D:7      | Noticed a queen bee
  6461 | D:7      | Noticed a hornet
  6468 | D:7      | Noticed 112233's ghost (novice OpSh)
  6648 | D:7      | You fall into a shaft and drop 2 floors!
  6656 | D:9      | Reached skill level 4 in Evocations
  6661 | D:9      | Reached skill level 8 in Fighting
  6671 | D:9      | Reached skill level 5 in Evocations
  6930 | D:8      | Reached XP level 10. HP: 70/82 MP: 10/10
  7122 | D:7      | Found a transporter.
  7168 | D:7      | Reached skill level 6 in Evocations
  7369 | D:7      | Reached skill level 9 in Fighting
  7775 | D:8      | Found Huan's Jewellery Emporium.
  7820 | D:8      | Reached *** piety under Wu Jian
  7821 | D:8      | Reached skill level 11 in Long Blades
  8378 | D:9      | Noticed a gargoyle
  8541 | D:9      | Killed a gargoyle
  8889 | D:9      | Reached skill level 10 in Fighting
  9004 | D:9      | Identified the +2 leather armour of the Ditch-Digger
                  | {^Drain rF+ Str+2 Int+4}
  9068 | D:9      | Noticed an elephant
  9083 | D:9      | Killed an elephant
  9084 | D:9      | Reached skill level 12 in Long Blades
  9280 | D:9      | Found a staircase to the Lair.
  9386 | D:10     | Entered Level 10 of the Dungeon
  9454 | D:9      | Reached XP level 11. HP: 86/92 MP: 11/11
  9636 | D:10     | Reached skill level 11 in Fighting
  9763 | D:10     | Found a flagged portal.
  9765 | D:10     | Reached **** piety under Wu Jian
  9800 | Bailey   | Entered a bailey
 10192 | Bailey   | Noticed an orc knight
 10203 | Bailey   | Killed an orc knight
 10680 | Bailey   | Noticed an orc high priest
 10687 | Bailey   | Killed an orc high priest
 10688 | Bailey   | Reached skill level 13 in Long Blades
 10726 | Bailey   | Acquired 405 gold pieces
 10728 | Bailey   | Acquired a manual of Dodging
 11289 | Bailey   | Found an iron altar of Okawaru.
 11289 | Bailey   | Noticed an orc high priest
 11298 | Bailey   | Reached skill level 1 in Dodging
 11306 | Bailey   | Killed an orc high priest
 11307 | Bailey   | Reached skill level 2 in Dodging
 11491 | Bailey   | Found the +3 giant club "Skullcrusher" {speed, Str+7}
 12232 | D:11     | Noticed a cyan ugly thing
 12236 | D:11     | Reached skill level 3 in Dodging
 12395 | D:11     | Noticed a manticore
 12407 | D:11     | Killed a manticore
 12408 | D:11     | Reached skill level 12 in Fighting
 12408 | D:11     | Reached skill level 4 in Dodging
 12441 | D:11     | Noticed a cyclops
 12455 | D:11     | Killed a cyclops
 12546 | D:11     | Killed a cyan ugly thing
 12562 | D:11     | Reached skill level 5 in Dodging
 12562 | D:11     | Reached XP level 12. HP: 89/102 MP: 12/12
 12624 | D:11     | Acquired the +1 cloak of Saffeo {Will+ Int+2 Slay+3}
 12798 | D:11     | Noticed a tengu warrior
 12815 | D:11     | Killed a tengu warrior
 12816 | D:11     | Reached skill level 6 in Dodging
 13245 | D:11     | Noticed Lodul
 13280 | D:11     | Killed Lodul
 13616 | Lair:1   | Entered Level 1 of the Lair of Beasts
 13756 | Lair:1   | Reached skill level 14 in Long Blades
 13756 | Lair:1   | Reached skill level 7 in Dodging
 13886 | Lair:1   | Found a frozen archway.
 13895 | Lair:1   | Reached ***** piety under Wu Jian
 13906 | Lair:1   | Reached skill level 13 in Fighting
 13907 | Lair:1   | Reached skill level 8 in Dodging
 13932 | IceCv    | Entered an ice cave
 13975 | IceCv    | Reached skill level 9 in Dodging
 14146 | IceCv    | Noticed a death yak
 14158 | IceCv    | Noticed a death yak
 14164 | IceCv    | Killed a death yak
 14176 | IceCv    | Killed a death yak
 14177 | IceCv    | Reached skill level 10 in Dodging
 14466 | IceCv    | Reached skill level 14 in Fighting
 14466 | IceCv    | Reached XP level 13. HP: 111/113 MP: 13/13
 14699 | IceCv    | Noticed a frost giant
 14716 | IceCv    | Reached skill level 15 in Fighting
 14727 | IceCv    | Killed a frost giant
 14788 | IceCv    | Identified the +0 pair of gloves of the Bespelling Gods
                  | {rCorr}
 15222 | Lair:1   | Found a runed translucent door.
 15222 | Lair:1   | Found a shimmering altar of Xom.
 15222 | Lair:1   | Noticed anet's ghost (journeyman GrCj)
 15619 | Lair:1   | Reached skill level 16 in Fighting
 16259 | Lair:2   | Identified the +8 shortbow of Ceock {freeze, rElec}
 16270 | Lair:2   | Identified the staff of Jamnan {+Blink MP-9 Str+7 Conj}
 16682 | Lair:2   | Found a hole to the Spider Nest.
 16732 | Lair:2   | Reached ****** piety under Wu Jian
 16957 | Lair:2   | Reached skill level 17 in Fighting
 17280 | Lair:3   | Found a staircase to the Shoals.
 17301 | Lair:3   | Reached XP level 14. HP: 128/128 MP: 14/14
 17308 | Lair:3   | Acquired a megarecursive module {rPois Regen+ RegenMP+
                  | rCorr Slay+3}
 17377 | Lair:3   | Found a dark tunnel.
 17396 | Volcano  | Entered a volcano
 17509 | Volcano  | Reached skill level 3 in Armour
 17919 | Lair:3   | Reached skill level 4 in Armour
 18226 | Lair:4   | Reached skill level 11 in Dodging
 18575 | Lair:4   | Reached skill level 5 in Armour
 18578 | Lair:4   | Reached skill level 18 in Fighting
 18797 | Lair:4   | Found a staircase to the Slime Pits.
 19008 | Lair:5   | Entered Level 5 of the Lair of Beasts
 19049 | Lair:5   | Reached skill level 12 in Dodging
 19309 | Lair:5   | Reached skill level 6 in Armour
 19372 | Lair:5   | Acquired a +0 double sword of electrocution
 19409 | Lair:5   | Reached XP level 15. HP: 129/137 MP: 15/15
 19446 | Lair:5   | Noticed Snorg
 19477 | Lair:5   | Killed Snorg
 19658 | Lair:5   | Paralysed by a hornet for 1 turns
 19675 | Lair:5   | Reached skill level 7 in Armour
 19675 | Lair:5   | Reached skill level 13 in Dodging
 19713 | Lair:5   | Identified the ring of the Slug {rElec MP+9 Str+3}
 20412 | D:12     | Reached skill level 7 in Evocations
 20462 | D:12     | Found a staircase to the Orcish Mines.
 20471 | D:12     | Found a shadowy altar of Dithmenos.
 20993 | Orc:1    | Entered Level 1 of the Orcish Mines
 21076 | Orc:1    | Reached skill level 19 in Fighting
 21079 | Orc:1    | Reached skill level 8 in Armour
 21079 | Orc:1    | Reached skill level 8 in Evocations
 21123 | Orc:1    | Found a runed translucent door.
 21123 | Orc:1    | Noticed Gopad's ghost (journeyman DrSh)
 21259 | Orc:1    | Found a roughly hewn altar of Beogh.
 21647 | Orc:1    | Killed Gopad's ghost
 21749 | Orc:2    | Entered Level 2 of the Orcish Mines
 21749 | Orc:2    | Found a staircase to the Elven Halls.
 21930 | Orc:2    | Reached XP level 16. HP: 129/146 MP: 16/16
 21935 | Orc:2    | Found a roughly hewn altar of Beogh.
 21957 | Orc:2    | Found Umumat's Distillery.
 21960 | Orc:2    | Reached skill level 9 in Evocations
 21964 | Orc:2    | Found Dopoch's Jewellery Shoppe.
 22048 | Orc:2    | Bought 2 potions of enlightenment for 130 gold pieces
 22048 | Orc:2    | Bought 2 potions of lignification for 78 gold pieces
 22073 | Orc:2    | Found Dediofod's Assorted Antiques.
 22087 | Orc:2    | Bought a crude leather armour for 210 gold pieces
 22087 | Orc:2    | Identified the +1 leather armour "Ozacupp" {Rampage ^Drain
                  | rPois Stlth-} (You bought it in a shop on level 2 of the
                  | Orcish Mines)
 22087 | Orc:2    | Bought a scroll of enchant weapon for 225 gold pieces
 22281 | Orc:2    | Found Tesutov's Armour Emporium.
 22445 | Orc:2    | Bought 3 scrolls of teleportation for 270 gold pieces
 22473 | Orc:2    | Bought a potion of might for 52 gold pieces
 22473 | Orc:2    | Bought a potion of heal wounds for 65 gold pieces
 22473 | Orc:2    | Bought a potion of cancellation for 104 gold pieces
 22473 | Orc:2    | Bought a potion of might for 52 gold pieces
 22543 | D:13     | Found a gate leading to a gauntlet.
 22557 | Gauntlet | Entered a Gauntlet
 22557 | Gauntlet | Found a runed translucent gate.
 22557 | Gauntlet | Found a transporter.
 22557 | Gauntlet | Found a transporter.
 22557 | Gauntlet | Found a transporter.
 22559 | Gauntlet | Found a runed translucent gate.
 22560 | Gauntlet | Found a runed translucent gate.
 22569 | Gauntlet | Found a transporter.
 22572 | Gauntlet | Found a transporter.
 22580 | Gauntlet | Found a transporter.
 22583 | Gauntlet | Found a transporter.
 22591 | Gauntlet | Found a transporter.
 22611 | Gauntlet | Found a transporter.
 22629 | Gauntlet | Found a transporter.
 22633 | Gauntlet | Found a transporter.
 22643 | Gauntlet | Found a transporter.
 22837 | Gauntlet | Identified the ring "Keilel" {rC+ Will+ Str+6 SInv}
 22893 | Gauntlet | Identified the +3 flail of Beyond {drain, Fly rPois SInv}
 23024 | D:13     | Reached skill level 14 in Dodging
 23093 | D:13     | Found a runed translucent door.
 23123 | D:13     | Reached skill level 9 in Armour
 23137 | D:13     | Reached skill level 10 in Evocations
 23499 | D:13     | Noticed a sphinx
 23503 | D:13     | Killed a sphinx
 23520 | D:13     | Identified the ring of Erphaj {Wiz rF+ Str+3 Stlth-}
 23610 | D:14     | Found a shimmering altar of Xom.
 23611 | D:14     | Found a shimmering altar of Xom.
 23611 | D:14     | Found a shimmering altar of Xom.
 23612 | D:14     | Found a shimmering altar of Xom.
 23612 | D:14     | Found a shimmering altar of Xom.
 23614 | D:14     | Found a shimmering altar of Xom.
 23618 | D:14     | Found a shimmering altar of Xom.
 23618 | D:14     | Found a shimmering altar of Xom.
 23618 | D:14     | Found a shimmering altar of Xom.
 23927 | D:14     | Found a gate to the Vaults.
 24065 | D:14     | Noticed Roxanne
 24558 | D:14     | Killed Roxanne
 24575 | D:15     | Entered Level 15 of the Dungeon
 24611 | D:15     | Reached skill level 10 in Armour
 24647 | D:15     | Found a staircase to the Depths.
 24699 | D:15     | Identified the +0 ring mail of the Comet {*Slow Str+8}
 24868 | D:15     | Reached skill level 20 in Fighting
 25213 | D:15     | Reached skill level 15 in Dodging
 25213 | D:15     | Reached XP level 17. HP: 155/155 MP: 17/17
 25398 | Shoals:1 | Entered Level 1 of the Shoals
 25413 | Shoals:1 | Reached XP level 18. HP: 147/162 MP: 18/18
 25448 | Shoals:1 | Found the ring of the Hare {EV+10}
 25449 | Shoals:1 | Found a transporter.
 25458 | Shoals:1 | Noticed Toskicku's ghost (adept FoHu)
 25465 | Shoals:1 | Found a transporter.
 25785 | Shoals:1 | Reached skill level 11 in Evocations
 26229 | Shoals:2 | Reached skill level 16 in Dodging
 26484 | Shoals:2 | Reached skill level 11 in Armour
 26541 | Shoals:2 | Reached skill level 12 in Evocations
 27587 | Shoals:4 | Entered Level 4 of the Shoals
 27841 | Shoals:4 | Reached skill level 13 in Evocations
 28369 | Shoals:4 | Reached skill level 12 in Armour
 28384 | Shoals:4 | Got a barnacled rune of Zot
 28432 | Shoals:4 | Reached XP level 19. HP: 169/169 MP: 19/19
 29232 | Shoals:4 | Reached skill level 14 in Evocations
 29266 | Shoals:4 | Gained mutation: You are agile. (Dex +4, Str/Int -1)
                  | [potion of mutation]
 29266 | Shoals:4 | Gained mutation: Your magical capacity is low. (-10% MP)
                  | [potion of mutation]
 29266 | Shoals:4 | Lost mutation: Your magical capacity is low. (-10% MP)
                  | [potion of mutation]
 29266 | Shoals:4 | Gained mutation: You are partially covered in iridescent
                  | scales. (AC +2) [potion of mutation]
 29389 | Spider:1 | Entered Level 1 of the Spider Nest
 29592 | Spider:1 | Reached skill level 17 in Dodging
 30438 | Spider:2 | Noticed Frances
 30446 | Spider:2 | Killed Frances
 30454 | Spider:2 | Noticed Azrael
 30459 | Spider:2 | Azrael changed into Azrael the smoke demon
 30459 | Spider:2 | Noticed Azrael
 30465 | Spider:2 | Killed Azrael the smoke demon
 30642 | Spider:2 | Noticed Arachne
 30654 | Spider:2 | Killed Arachne
 30775 | Spider:2 | Noticed Asterion
 30787 | Spider:2 | Killed Asterion
 31085 | Spider:2 | Reached skill level 15 in Evocations
 31462 | Spider:2 | Noticed Jorgrun
 31466 | Spider:2 | Killed Jorgrun
 31478 | Spider:2 | Reached skill level 13 in Armour
 32792 | Spider:4 | Entered Level 4 of the Spider Nest
 32852 | Spider:4 | Reached skill level 18 in Dodging
 32966 | Spider:4 | Reached XP level 20. HP: 103/176 MP: 1/20
 32976 | Spider:4 | Reached skill level 14 in Armour
 33387 | Spider:4 | Got a gossamer rune of Zot
 33922 | Elf:1    | Entered Level 1 of the Elven Halls
 34225 | Elf:1    | Paralysed by an air elemental for 1 turns
 34273 | Elf:1    | Reached skill level 15 in Armour
 34472 | Elf:1    | Noticed Kirke
 34477 | Elf:1    | Killed Kirke
 34478 | Elf:1    | Reached skill level 19 in Dodging
 35193 | Elf:1    | Found a corrupted altar of Lugonu.
 35213 | Elf:1    | Found a roughly hewn altar of Beogh.
 35454 | Elf:2    | Reached skill level 15 in Long Blades
 35571 | Elf:2    | Reached XP level 21. HP: 157/183 MP: 21/21
 35889 | Elf:2    | Found a huge runed translucent gate.
 35891 | Elf:2    | Found a huge runed translucent gate.
 35896 | Elf:2    | Found a huge runed translucent gate.
 35897 | Elf:2    | Found a huge runed translucent gate.
 35897 | Elf:2    | Found a huge runed translucent gate.
 36077 | Elf:2    | Found a large runed translucent door.
 36077 | Elf:2    | Found a large runed translucent door.
 36080 | Elf:2    | Noticed Seg Ton's ghost (journeyman OnMo)
 36089 | Elf:2    | Killed Seg Ton's ghost
 36095 | Elf:2    | Got the Almanac of Silt and the Voyage
 37063 | Elf:2    | Noticed Zenata
 37079 | Elf:2    | Killed Zenata
 37089 | Elf:2    | Identified the serpent talisman of the Depths {rCorr Dex+2}
 37089 | Elf:2    | Noticed Aizul
 37094 | Elf:2    | Killed Aizul
 37352 | Elf:2    | Reached skill level 16 in Long Blades
 37542 | Elf:3    | Entered Level 3 of the Elven Halls
 37569 | Elf:3    | Reached skill level 20 in Dodging
 37733 | Elf:3    | Reached skill level 1 in Invocations
 38110 | Elf:3    | Found a radiant altar of Vehumet.
 38316 | Elf:3    | Reached skill level 2 in Invocations
 38886 | Elf:3    | Identified the +5 storm dragon scales of Quantum Leap
                  | {rElec SInv}
 38904 | Elf:3    | Reached skill level 3 in Invocations
 38982 | Elf:3    | Identified the ring of the Raven {rC+ Str+5 Dex-4}
 38983 | Elf:3    | Reached skill level 16 in Evocations
 39243 | Elf:3    | Reached skill level 4 in Invocations
 39367 | Elf:3    | Identified the +0 robe "Foxzitah" {rF+ rN+ Int+3}
 40385 | Elf:3    | Reached skill level 5 in Invocations
 41173 | Elf:3    | Identified the +0 leather armour of the Sun {Int+3 Stlth+}
 41411 | Elf:3    | Reached skill level 17 in Evocations
 41787 | Elf:3    | Got the Quarto of Harmful Gloom
 41789 | Elf:3    | Identified the death talisman of Hedging {rElec rC++ Int-5
                  | Stlth+}
 41795 | Elf:3    | Identified the +4 great sword "Poifo" {speed, *Slow rF+
                  | Str+4 SInv}
 42156 | Vaults:1 | Entered Level 1 of the Vaults
 42167 | Vaults:1 | Reached skill level 1 in Shapeshifting
 42176 | Vaults:1 | Reached skill level 2 in Shapeshifting
 42319 | Vaults:1 | Found a flickering gateway to a bazaar.
 42328 | Bazaar   | Entered a bazaar
 42328 | Bazaar   | Found Erewkyas's Antique Armour Shoppe.
 42328 | Bazaar   | Found Itips's Antique Weapon Emporium.
 42328 | Bazaar   | Found Liudeh's Antique Weapon Shoppe.
 42352 | Bazaar   | Bought a glowing demon blade for 288 gold pieces
 42495 | Vaults:1 | Found a portal to a secret trove of treasure.
 42526 | Vaults:1 | Reached skill level 3 in Shapeshifting
 42527 | Vaults:1 | Reached XP level 22. HP: 190/190 MP: 26/26
 42621 | Vaults:1 | Reached skill level 4 in Shapeshifting
 42731 | Vaults:1 | Reached skill level 5 in Shapeshifting
 43146 | Vaults:1 | Reached skill level 6 in Shapeshifting
 43384 | Vaults:2 | Reached skill level 7 in Shapeshifting
 43477 | Vaults:2 | Reached skill level 8 in Shapeshifting
 43554 | Vaults:2 | Identified the death talisman of Yneinim {rF- Dex+7}
 43776 | Vaults:2 | Identified the +10 glaive of Lavoinanto {vamp, rElec rF+
                  | Dex+2}
 43824 | Vaults:2 | Reached skill level 9 in Shapeshifting
 44246 | Vaults:2 | Found a staircase to the Crypt.
 44262 | Vaults:2 | Reached skill level 10 in Shapeshifting
 44948 | Vaults:3 | Reached skill level 11 in Shapeshifting
 45040 | Vaults:3 | Reached XP level 23. HP: 157/196 MP: 27/27
 45347 | Vaults:3 | Reached skill level 12 in Shapeshifting
 45756 | Vaults:4 | Noticed a golden dragon
 45759 | Vaults:4 | Killed a golden dragon
 46103 | Vaults:4 | Identified the +2 leather armour of the Devil's Team {rElec
                  | rC++ Dex-3 Slay-5}
 46121 | Vaults:4 | Reached skill level 13 in Shapeshifting
 46170 | Vaults:4 | Noticed Sojobo
 46178 | Vaults:4 | Killed Sojobo
 46985 | Depths:1 | Entered Level 1 of the Depths
 47507 | Depths:1 | Reached skill level 14 in Shapeshifting
 47573 | Depths:1 | Found a gateway to Hell.
 47867 | Depths:2 | Found a shimmering blue altar of Sif Muna.
 48080 | Depths:2 | Found a one-way gate leading to the halls of Pandemonium.
 48149 | Depths:2 | Reached skill level 15 in Shapeshifting
 48423 | Depths:2 | Reached XP level 24. HP: 204/204 MP: 27/27
 48761 | Depths:2 | Identified the +0 plate armour of Zin's Hope {-Tele rC++
                  | Int-2 Stlth+}
 48997 | Depths:2 | Reached skill level 16 in Shapeshifting
 49018 | Depths:2 | Identified the +5 plate armour "Ytedilan" {rN+ Regen+}
 49249 | Depths:2 | Noticed a caustic shrike
 49252 | Depths:2 | Killed a caustic shrike
 49330 | Depths:2 | Identified the staff "Ulanilu" {Str+2 Int+4 Stlth+ Earth}
 49333 | Depths:2 | Identified the +3 sling "Xomicw" {elec, rF+}
 49388 | Depths:2 | Identified the +3 flail "Demonslayer" {heavy, *Slow rPois
                  | rCorr Str+8}
 49702 | Depths:2 | Reached skill level 17 in Shapeshifting
 49956 | Depths:3 | Found Giur Deck's Antique Armour Shop.
 50161 | Depths:3 | Found a transporter.
 50175 | Depths:3 | Found the amulet of the Four Winds {rN+ Will+++ Clar}
 50176 | Depths:3 | Found a transporter.
 50529 | Depths:3 | Found a one-way gate to the infinite horrors of the Abyss.
 50947 | Depths:4 | Entered Level 4 of the Depths
 50971 | Depths:4 | Reached skill level 18 in Shapeshifting
 51165 | Depths:4 | Noticed a juggernaut
 51170 | Depths:4 | Killed a juggernaut
 51223 | Depths:4 | Noticed Xtahua
 51231 | Depths:4 | Killed Xtahua
 51231 | Depths:4 | Reached XP level 25. HP: 193/210 MP: 27/27
 51245 | Depths:4 | Reached skill level 19 in Shapeshifting
 51272 | Depths:4 | Found a runed translucent door.
 51274 | Depths:4 | Found a runed translucent door.
 51317 | Depths:4 | Found a runed translucent door.
 51317 | Depths:4 | Found a runed translucent door.
 51388 | Depths:4 | Noticed Vv
 51404 | Depths:4 | Killed Vv
 51680 | Depths:4 | Found a one-way gateway to a ziggurat.
 51782 | Depths:4 | Found Ruf Yxka's Magic Scroll Shop.
 51801 | Depths:4 | Bought a scroll of teleportation for 51 gold pieces
 51801 | Depths:4 | Bought a scroll of blinking for 127 gold pieces
 51801 | Depths:4 | Bought a scroll of teleportation for 51 gold pieces
 51801 | Depths:4 | Bought a scroll of fear for 68 gold pieces
 51801 | Depths:4 | Bought a scroll of enchant weapon for 127 gold pieces
 51801 | Depths:4 | Bought a scroll of brand weapon for 161 gold pieces
 51969 | Depths:4 | Found a gate to the Realm of Zot.
 52103 | Depths:4 | Found a runed translucent door.
 52118 | Depths:4 | Found a runed translucent door.
 52523 | Vaults:5 | Entered Level 5 of the Vaults
 52781 | Vaults:5 | Noticed a dread lich
 52787 | Vaults:5 | Killed a dread lich
 52810 | Vaults:5 | Reached skill level 20 in Shapeshifting
 53971 | Vaults:5 | Got a silver rune of Zot
 53977 | Vaults:5 | Identified the +9 great sword "Suihock" {antimagic, rN+
                  | Will+}
 54043 | Vaults:5 | Noticed an ancient lich
 54049 | Vaults:5 | Identified the +5 battleaxe of the Unliving {freeze, Str+2
                  | Int+2}
 54051 | Vaults:5 | Killed an ancient lich
 54085 | Vaults:5 | Reached skill level 21 in Shapeshifting
 54091 | Vaults:5 | Noticed a dread lich
 54096 | Vaults:5 | Killed a dread lich
 54109 | Vaults:5 | Identified the ring "Rukhlixo" {*Corrode Will+ Int+6 Dex+5}
 54119 | Vaults:5 | Noticed a dread lich
 54120 | Vaults:5 | Reached XP level 26. HP: 218/218 MP: 27/27
 54122 | Vaults:5 | Killed a dread lich
 54566 | Vaults:5 | Reached skill level 22 in Shapeshifting
 54676 | Vaults:5 | Identified the +0 robe of the Treeataur {rPois Will+++
                  | Regen+ Int-3 Stlth-}
 54798 | Vaults:5 | Noticed an ancient lich
 54808 | Vaults:5 | Killed an ancient lich
 54875 | Vaults:5 | Reached XP level 27. HP: 211/226 MP: 27/27
 55231 | Crypt:1  | Entered Level 1 of the Crypt
 55239 | Crypt:1  | Identified the orb of Hubris {light, Str+4}
 55239 | Crypt:1  | Noticed Frederick
 55250 | Crypt:1  | Killed Frederick
 55374 | Crypt:1  | Noticed Donald
 55379 | Crypt:1  | Killed Donald
 55467 | Crypt:1  | Reached skill level 21 in Fighting
 55467 | Crypt:1  | Reached skill level 6 in Invocations
 55965 | Crypt:1  | Noticed Bai Suzhen
 55969 | Crypt:1  | Killed Bai Suzhen
 55970 | Crypt:1  | Reached skill level 7 in Invocations
 56125 | Crypt:2  | Reached skill level 22 in Fighting
 56456 | Crypt:2  | Reached skill level 8 in Invocations
 56668 | Crypt:3  | Entered Level 3 of the Crypt
 56763 | Crypt:3  | Found the +5 Lochaber axe {reach-cleave, Poleaxe ^Drain}
 56790 | Crypt:3  | Reached skill level 9 in Invocations
 56790 | Crypt:3  | Noticed Margery
 56802 | Crypt:3  | Killed Margery
 56892 | Crypt:3  | Reached skill level 10 in Invocations
 56970 | Crypt:3  | Noticed a dread lich
 56970 | Crypt:3  | Noticed an ancient lich
 56983 | Crypt:3  | Noticed a dread lich
 56999 | Crypt:3  | Killed an ancient lich
 57010 | Crypt:3  | Killed a dread lich
 57017 | Crypt:3  | Killed a dread lich
 57018 | Crypt:3  | Reached skill level 11 in Invocations
 57037 | Crypt:3  | Identified the staff "Fuer Qupn" {^Drain rN+ SInv Conj
                  | Necro Fire}
 57048 | Crypt:3  | Identified the ring "Jumiown" {*Corrode rF+ rN++ SInv}
 57052 | Crypt:3  | Got an ivory gem with 104 turns to spare
 57203 | Crypt:3  | Found a staircase to the Tomb.
 57894 | Zot:1    | Entered Level 1 of the Realm of Zot
 57895 | Zot:1    | Noticed an orb of fire
 57931 | Zot:1    | Killed an orb of fire
 58097 | Zot:1    | Reached skill level 12 in Invocations
 58432 | Zot:1    | Identified the ring "Roteshiprome" {Ice rElec}
 58432 | Zot:1    | Noticed Josephina
 58450 | Zot:1    | Killed Josephina
 58452 | Zot:1    | Noticed Grunn
 58463 | Zot:1    | Killed Grunn
 58609 | Zot:1    | Reached skill level 13 in Invocations
 59207 | Zot:2    | Reached skill level 14 in Invocations
 59589 | Zot:3    | Reached skill level 15 in Invocations
 59862 | Zot:3    | Reached skill level 16 in Invocations
 61037 | Zot:4    | Found a transporter.
 61041 | Zot:4    | Found a transporter.
 61146 | Zot:4    | Found a transporter.
 61148 | Zot:4    | Found a transporter.
 61366 | Zot:4    | Reached skill level 17 in Invocations
 61889 | Hell     | Entered the Vestibule of Hell
 61889 | Hell     | Noticed Geryon
 61911 | Hell     | Killed Geryon
 61928 | Depths:4 | Reached skill level 18 in Invocations
 62096 | Vaults:1 | You paid a toll of the horn of Geryon to enter a treasure
                  | trove
 62097 | Trove    | Entered a treasure trove
 62117 | Trove    | Identified the amulet of Devotion {Reflect ^Contam +Inv
                  | Regen+ Str+7 SH+5}
 62344 | Zig:1    | Entered Level 1 of a ziggurat
 62357 | Zig:2    | Entered Level 2 of a ziggurat
 62378 | Zig:3    | Entered Level 3 of a ziggurat
 62395 | Zig:3    | Identified the +7 mace of Dim Light {flame, Stlth+}
 62502 | Zig:4    | Entered Level 4 of a ziggurat
 62521 | Zig:4    | Identified the +1 robe of the Heavens {rElec rCorr Int-2
                  | Slay-3}
 62530 | Zig:5    | Entered Level 5 of a ziggurat
 62553 | Zig:5    | Identified the +9 rapier "Hyngo" {flame, Fly Dex+2 SInv}
 62584 | Zig:6    | Entered Level 6 of a ziggurat
 62588 | Zig:6    | Noticed Ydajaeli the pandemonium lord
 62595 | Zig:6    | Killed Ydajaeli the pandemonium lord
 62630 | Zig:6    | Got Hibaunung's Verses on the Glacial Rocks
 62674 | Zig:7    | Entered Level 7 of a ziggurat
 62682 | Zig:7    | Reached skill level 19 in Invocations
 62714 | Zig:7    | Identified the +7 scimitar of Amino {venom, Fly rN+++ Str+3
                  | Int-4}
 62715 | Zig:7    | Identified the +7 chain mail of Privacy {*Corrode rElec
                  | Str+8}
 62727 | Zig:7    | Identified the ring "Bihoxas" {rElec rF+ rCorr}
 63024 | Slime:1  | Entered Level 1 of the Pits of Slime
 64119 | Slime:5  | Entered Level 5 of the Pits of Slime
 64177 | Slime:5  | Reached skill level 20 in Invocations
 64814 | Slime:5  | Noticed the Royal Jelly
 64826 | Slime:5  | Killed the Royal Jelly
 65008 | Slime:5  | Identified the +7 falchion of the Dungeon {flame, rPois
                  | rCorr SInv Stlth+}
 65060 | Slime:5  | Identified the ring "Naskaiz" {rN+ MP+9 Int+2 Dex-4 Slay+3}
 65086 | Slime:5  | Identified the staff of Koumnill {rPois rF+ Str-5 Int+4
                  | Alchemy}
 65090 | Slime:5  | Got a slimy rune of Zot
 65093 | Slime:5  | Identified the orb of Atov Buj {light, rF+ Earth Alchemy}
 65115 | Slime:5  | Found the +10 Black Knight's barding {ponderous, rPois rN+}
 66101 | Zot:5    | Entered Level 5 of the Realm of Zot
 66291 | Zot:5    | Reached skill level 21 in Invocations
 67918 | Zot:5    | Noticed a dread lich
 67919 | Zot:5    | Noticed an orb of fire
 67921 | Zot:5    | Noticed a dread lich
 67924 | Zot:5    | Noticed an orb of fire
 67924 | Zot:5    | Killed a dread lich
 67927 | Zot:5    | Noticed an orb of fire
 67927 | Zot:5    | Killed an orb of fire
 67927 | Zot:5    | Noticed an orb of fire
 67930 | Zot:5    | Killed an orb of fire
 67932 | Zot:5    | Killed an orb of fire
 67934 | Zot:5    | Reached skill level 22 in Invocations
 67934 | Zot:5    | Noticed an orb of fire
 67935 | Zot:5    | Killed a dread lich
 67938 | Zot:5    | Killed an orb of fire
 67938 | Zot:5    | Killed an orb of fire
 67946 | Zot:5    | Noticed an ancient lich
 67949 | Zot:5    | Killed an ancient lich
 68600 | Zot:5    | Got the Orb of Zot
 68779 | Depths:4 | Reached skill level 21 in Dodging
 68923 | D:10     | Noticed Nusijuc the pandemonium lord
 68929 | D:10     | Killed Nusijuc the pandemonium lord
 69180 | D:$      | Escaped with the Orb!

Illustrated notes

Levels and vault maps discovered:
D:1:      elethiomel_arrival_infinity_welcomes_careful_drivers, layout_rooms,
          serial_curves, eino_curves_02, eino_curves_03
D:2:      layout_basic, hellmonk_ecumenical_altar_inner_sanctum,
          corexii_item_surrounded_by_moat, kennysheep_another_room
D:3:      layout_basic, lemuel_doored_altar
D:4:      layout_basic, general_overflow_altar, portal_sewer_entry_b
D:5:      minmay_recursive_quarters, layout_loops_ring,
          minmay_temple_entry_stoned_glass, serial_shops, shop, minivault_23,
          serial_bayou_pond_d, uniq_sigmund, uniq_blork_the_orc
D:6:      cheibrodos_quashed, layout_cave_pods,
          gammafunk_temple_overflow_forgotten, minmay_misc_feat_doors,
          uniq_eustachio
D:7:      layout_loops_ring, gammafunk_ghost_hive, grunt_decor_junction
D:8:      layout_loops_cross, minmay_shop_enchanted_jewellery
D:9:      layout_basic, grunt_lair_entry_orc_guard_hut
D:10:     layout_big_octagon, enter_bailey_3
D:11:     layout_irregular_city, uniq_lodul
D:12:     layout_long_grid, orc_0_dummy, serial_undead, serial_undead_b,
          serial_undead_a, serial_undead_a, serial_undead_d,
          grunt_dithmenos_shadows
D:13:     layout_rooms, gauntlet_entry_generic,
          nicolae_concentric_dashed_squares_mild, minivault_13
D:14:     layout_basic, david_vaults_3, xom_shifter_show, uniq_roxanne
D:15:     gammafunk_enter_depths_forms, layout_irregular_city,
          hangedman_decor_riveting
Lair:1:   layout_cave_pods, ebering_ghost_xom,
          portal_ice_cave_entry_ice_simulacra, nicolae_lair_lakeside_cave
Lair:2:   layout_loops_ring, nicolae_spider_entry_tight_spaces,
          serial_bayou_lagoon_a
Lair:3:   layout_misc_corridors, shoals_dummy_entry,
          nicolae_volcano_entry_hallway, hellmonk_talismancer
Lair:4:   layout_roguey [special_room_mythical_zoo], slime_entry_2,
          wad_woods_road_03, serial_bayou_lagoon_b
Lair:5:   gammafunk_lair_ancient_temple, layout_regular_city,
          pdpol_lair_neglected_garden, uniq_snorg
Shoals:1: layout_shoals, gammafunk_ghost_arena
Shoals:2: layout_shoals
Shoals:3: cheibrodos_shoals_oceanic_diplomacy, layout_shoals,
          nicolae_shoals_kraken_intersection
Shoals:4: shoals_end_hellmonk_lost_city
Spider:1: layout_spider_delve
Spider:2: layout_spider_delve, nicolae_spider_swamp_cousins, uniq_jorgrun,
          uniq_azrael, uniq_arachne, uniq_frances, uniq_asterion
Spider:3: layout_cave_pods, nicolae_spider_solar_radiation
Spider:4: hellmonk_spider_rune_endless_swarm, nicolae_spider_not_touching_you
Slime:1:  layout_caves, cheibrodos_slime_lost_civilization_6
Slime:2:  layout_caves
Slime:3:  layout_caves
Slime:4:  layout_caves
Slime:5:  slime_pit_nicolae_block_by_block
Orc:1:    layout_caves, basic_altar, hellmonk_ghost_happy_afterlife,
          lightli_orcish_oven
Orc:2:    st_orc_town, layout_caves
Elf:1:    layout_loops_corners, nicolae_elf_theology_debate, uniq_kirke
Elf:2:    elven_hall_of_blades_hangedman_alternative
          [nicolae_vaults_blade_armed_guards], layout_loops_cross,
          ebering_ghost_disaster_area, serial_sigils_hangedman_quiver,
          drop_trap, uniq_aizul, uniq_zenata
Elf:3:    minmay_elf_hall_four_x, layout_geoelf_octagon, basic_altar
Vaults:1: nicolae_vaults_ninety_degrees, v_alt_pattern_6,
          nicolae_vaults_shelves_hall, nicolae_vaults_house_1,
          nicolae_vaults_little_squares_3, nicolae_vaults_diamond_1,
          nicolae_vaults_storage_closets_2, nicolae_vaults_tetromino_L_1,
          layout_vaults_omnigrid, serial_shops, bzr_entry_road, enter_trove_6
Vaults:2: nicolae_vaults_yaktaur_gun_rack, minmay_crypt_entry_simple_round,
          nicolae_vaults_cornered_office, nicolae_vaults_little_squares_5,
          nicolae_vaults_surprise_closet_hard, grunt_vaults_trifunnel,
          hangedman_vaults_locks, nicolae_vaults_double_plus_1,
          hangedman_vaults_capsules, nicolae_vaults_tetromino_L_1,
          nicolae_vaults_house_1, nicolae_vaults_rhombus_5,
          layout_vaults_big_room
Vaults:3: nicolae_vaults_network_s, v_alt_pattern_2, vaults_room_semicircle,
          nicolae_vaults_meiosis, nicolae_vaults_c_with_doors,
          nicolae_vaults_octothorpe, v_misc_16,
          nicolae_vaults_oval_intersection, nicolae_vaults_three_branches,
          v_misc_12, nicolae_vaults_storage_room_doors, v_pattern_2,
          nicolae_vaults_swerve, layout_vaults_omnibox
Vaults:4: v_misc_27, ontoclasm_vaults_gallery, nicolae_vaults_tetromino_T_1,
          v_misc_25, nicolae_vaults_network_square, ontoclasm_vaults_hangar,
          nicolae_vaults_closet_pinwheel_3, v_misc_18,
          nicolae_vaults_closet_pinwheel_3, nicolae_vaults_tetromino_Z_2,
          v_misc_25, vaults_room_hallway, nicolae_vaults_storage_room_water,
          ontoclasm_vaults_decontamination, vaults_room_hallway,
          layout_vaults_omnicross, uniq_sojobo
Vaults:5
Crypt:1:  layout_gridlike, grunt_megastairs_5, uniq_bai_suzhen, uniq_frederick,
          uniq_donald
Crypt:2:  layout_chaotic_city, grunt_megastairs_2
Crypt:3:  david_glass_crypt, layout_basic, nicolae_tomb_entry_rubble_hallway,
          uniq_margery
Depths:1: layout_forbidden_donut, serial_bayou, serial_bayou_shore_b,
          serial_bayou_pond_a, serial_bayou_shore_b, serial_bayou_ford_a,
          hellmouth_1, hangedman_abyss_or_decor_stagger, serial_bayou_lake_a,
          infiniplex_staircase_pool_lava
Depths:2: minmay_octagon_city, layout_gridlike, nicolae_sif_muna_condensation,
          rand_demon_pan_entry_8, pf_coc_iceberg
Depths:3: gammafunk_sealed_arena, layout_basic, chequers_decorated_corner,
          abyss_entry, hell_entry, nicolae_stop_n_shop_2
Depths:4: evilmike_zot_entry_castle, layout_basic, enter_ziggurat_b,
          abyss_entry, roderic_cross_of_infinity, grunt_hell_entry_dis_grunt,
          serial_shops, nicolae_shop_pleasant_corner_grove, uniq_xtahua, uniq_vv
Hell
Zot:1:    layout_basic, uniq_josephina, uniq_grunn
Zot:2:    layout_twisted_circle
Zot:3:    layout_gridlike, grunt_ministairs_9
Zot:4:    minmay_elemental_castle, layout_cathedral_of_symmetry,
          nicolae_diode_intersection
Zot:5:    layout_gridlike

Skill      XL: |  1  2  3  4  5  6  7  8  9 10 11 12 13 14 15 16 17 18 19 20 21 22 23 24 25 26 27 |
---------------+----------------------------------------------------------------------------------+-----
Long Blades    | 3 4 5 6 7 8 9 10 12 13 14 15 16 | 16.0
Fighting       | 4 6 8 10 12 14 17 18 19 20 22 | 22.5
Evocations     | 5 6 8 10 13 15 17 | 17.1
Dodging        | 5 10 12 13 15 16 18 19 20 21 | 21.2
Armour         | 6 8 10 12 13 15 | 15.9
Invocations    | 5 22 | 22.6
Shapeshifting  | 3 11 15 18 21 22 | 22.5
Shields        | |  2.1

Action                     |  1- 3 |  4- 6 |  7- 9 | 10-12 | 13-15 | 16-18 | 19-21 | 22-24 | 25-27 || total
---------------------------+-------+-------+-------+-------+-------+-------+-------+-------+-------++-------
  Melee: Long sword        |    52 |   145 |   188 |   545 |   393 |       |       |       |       ||  1323
         Short sword       |    42 |   138 |    41 |       |       |       |       |       |       ||   221
         Falchion          |       |       |   149 |   543 |    98 |       |       |       |       ||   790
         Scimitar          |       |       |       |       |   649 |   486 |   171 |       |       ||  1306
         Dagger            |       |       |       |       |    20 |       |       |       |       ||    20
         Double sword      |       |       |       |       |   251 |   479 |   843 |  1119 |  1963 ||  4655
         Demon blade       |       |       |       |       |       |       |   634 |  1042 |  1904 ||  3580
  Throw: Dart              |       |     8 |    21 |     5 |       |       |       |       |       ||    34
         Throwing net      |       |       |       |       |     1 |       |       |       |       ||     1
 Invoke: Serpent's Lash    |       |       |       |     5 |     1 |     4 |     7 |     8 |    16 ||    41
         Heavenly Storm    |       |       |       |       |     1 |       |     2 |     2 |     3 ||     8
Ability: Lunge             |       |     5 |    24 |    39 |    78 |    64 |   106 |   127 |   221 ||   664
         Whirlwind         |       |       |       |    30 |    81 |    33 |   110 |    95 |   342 ||   691
         Invent Gizmo      |       |       |       |       |     1 |       |       |       |       ||     1
  Evoke: Wand              |       |       |       |    13 |     5 |     5 |     4 |       |    11 ||    38
         Lightning rod     |       |       |       |       |     3 |     8 |       |       |       ||    11
         Phial of floods   |       |       |       |       |       |       |     1 |     1 |       ||     2
    Use: Potion            |     1 |       |     2 |       |       |     3 |     3 |       |    13 ||    22
         Scroll            |       |     9 |     3 |    11 |    10 |    15 |     8 |     1 |    27 ||    84
   Stab: Held in net/web   |       |       |       |       |     4 |       |       |       |       ||     4
         Distracted        |       |       |       |       |       |       |     9 |       |     2 ||    11
         Sleeping          |       |       |       |       |       |       |     1 |       |     2 ||     3
         Invisible         |       |       |       |       |       |       |       |       |    10 ||    10
 Armour: Scale mail        |    31 |   114 |   133 |   166 |       |       |       |       |       ||   444
         Ring mail         |       |       |       |   101 |   291 |   293 |   301 |       |       ||   986
         Ice dragon scales |       |       |       |    81 |    28 |       |       |       |       ||   109
         Storm dragon scal |       |       |       |       |       |       |    28 |   560 |   123 ||   711
         Fire dragon scale |       |       |       |       |       |       |       |       |   689 ||   689
  Dodge: Dodged            |    15 |    49 |    63 |   210 |   399 |   419 |   592 |   712 |  1370 ||  3829
  Block: Buckler           |     2 |       |       |       |       |       |       |       |       ||     2
   Form: Death             |       |       |       |       |       |       |       |       |     4 ||     4
                           |       |       |       |       |       |       |       |       |     3 ||     3

Table legend: (Time is in decaauts)
 A = Elapsed time spent in this place.
 B = Non-inter-level travel time spent in this place.
 C = Inter-level travel time spent in this place.
 D = Time resting spent in this place.
 E = Time spent auto-exploring this place.
 F = Levels seen in this place.
 G = Mean time per level.
                   A        B        C        D        E       F      G
               +--------+--------+--------+--------+--------+-----+--------+
         Total |  67866 |  62291 |   5575 |  13785 |  35134 |  70 |  969.5 |
       Dungeon |  15469 |  13895 |   1574 |   1603 |   9584 |  15 | 1031.3 |
          Lair |   5589 |   4857 |    732 |    180 |   3632 |   5 | 1117.8 |
        Shoals |   3892 |   3717 |    175 |   1100 |   1705 |   4 |  973.0 |
   Spider Nest |   4256 |   4055 |    201 |    710 |   2503 |   4 | 1064.0 |
    Slime Pits |   2564 |   2477 |     87 |    487 |   1290 |   5 |  512.8 |
  Orcish Mines |   1582 |   1362 |    220 |     36 |   1077 |   2 |  791.0 |
   Elven Halls |   8063 |   7738 |    325 |   4049 |   2618 |   3 | 2687.7 |
        Vaults |   7554 |   6850 |    704 |   1290 |   4142 |   5 | 1510.8 |
         Crypt |   2269 |   2126 |    143 |      6 |   1520 |   3 |  756.3 |
        Depths |   5921 |   5008 |    913 |    791 |   3071 |   4 | 1480.2 |
          Hell |     21 |     21 |      0 |      0 |      0 |   1 |   21.0 |
           Zot |   6473 |   5978 |    495 |   1937 |   2951 |   5 | 1294.6 |
      Ziggurat |    377 |    377 |      0 |    156 |     11 |   7 |   53.9 |
        Bazaar |     44 |     44 |      0 |      0 |     14 |   1 |   44.0 |
         Trove |    102 |    102 |      0 |      0 |     20 |   1 |  102.0 |
         Sewer |    149 |    149 |      0 |      0 |     78 |   1 |  149.0 |
        Bailey |   1904 |   1904 |      0 |   1271 |    176 |   1 | 1904.0 |
      Ice Cave |    933 |    933 |      0 |     19 |    609 |   1 |  933.0 |
       Volcano |    357 |    357 |      0 |    100 |      0 |   1 |  357.0 |
      Gauntlet |    337 |    337 |      0 |     46 |    131 |   1 |  337.0 |
               +--------+--------+--------+--------+--------+-----+--------+

Top non-repeatable levels by time:
   Elf:3: 4405 daAuts
Vaults:5: 2545 daAuts
   Zot:5: 2491 daAuts
Depths:2: 2264 daAuts
   Elf:2: 2165 daAuts
  Bailey: 1904 daAuts
Shoals:4: 1699 daAuts
Depths:4: 1697 daAuts
  Lair:1: 1638 daAuts
Spider:2: 1520 daAuts
   Elf:1: 1492 daAuts
 Slime:5: 1473 daAuts
     D:4: 1453 daAuts
  Lair:2: 1443 daAuts
     D:3: 1361 daAuts

Table legend:
 A = Kills in this place as a percentage of kills in the entire game.
 B = Kills by you in this place as a percentage of kills by you in the entire game.
 C = Kills by friends in this place as a percentage of kills by friends in the entire game.
 D = Other kills in this place as a percentage of other kills in the entire game.
 E = Experience gained in this place as a percentage of experience gained in the entire game.
 F = Experience gained in this place divided by the number of levels of this place that you have seen.
                   A       B       C       D       E      F
               +-------+-------+-------+-------+-------+----------------------
         Total | 100.0 | 100.0 | 100.0 | 100.0 | 100.0 | 24848.1
       Dungeon |  15.6 |  15.6 |   0.0 |   0.0 |   5.0 | 5824.7
          Lair |   8.0 |   8.0 |   0.0 |   0.0 |   3.3 | 11317.8
        Shoals |   5.7 |   5.7 |   0.0 |   0.0 |   4.9 | 21225.5
   Spider Nest |   9.3 |   9.3 |   0.0 |   0.0 |   6.2 | 27086.2
    Slime Pits |   4.4 |   4.4 |   0.0 |   0.0 |   5.0 | 17261.0
  Orcish Mines |   4.2 |   4.3 |   0.0 |   0.0 |   1.2 | 10750.5
   Elven Halls |   7.6 |   7.5 |   0.0 |  25.0 |   8.5 | 49126.3
        Vaults |  14.1 |  14.1 |   0.0 |  12.5 |  18.9 | 65716.8
         Crypt |   6.4 |   6.4 |   0.0 |   0.0 |   8.1 | 46933.7
        Depths |   9.8 |   9.8 |   0.0 |  12.5 |  13.9 | 60328.5
          Hell |   0.1 |   0.1 |   0.0 |   0.0 |   0.2 | 3915.0
           Zot |   9.5 |   9.4 | 100.0 |  37.5 |  21.4 | 74473.2
      Ziggurat |   1.4 |   1.4 |   0.0 |  12.5 |   1.9 | 4684.9
         Sewer |   0.3 |   0.3 |   0.0 |   0.0 |   0.0 | 127.0
        Bailey |   1.5 |   1.5 |   0.0 |   0.0 |   0.2 | 3830.0
      Ice Cave |   1.4 |   1.4 |   0.0 |   0.0 |   0.8 | 13936.0
       Volcano |   0.5 |   0.5 |   0.0 |   0.0 |   0.3 | 5599.0
      Gauntlet |   0.3 |   0.3 |   0.0 |   0.0 |   0.2 | 3711.0
               +-------+-------+-------+-------+-------+----------------------
